 Dungeon Crawl Stone Soup version 0.29-a0-1030-gf5f8719cae (webtiles) character file.

Game seed: 10973314801217219987

9 27heaven the Cudgeller (level 2, 0/26 HPs)
             Began as a Meteoran Fighter on Aug 14, 2022.
             Was a Follower of Cheibriados.
             Slain by a bat (1 damage)
             ... on level 1 of the Dungeon.
             The game lasted 00:02:04 (271 turns).

27heaven the Cudgeller (Meteoran Fighter)            Turns: 271, Time: 00:02:05

Health: 0/26       AC:  0    Str: 19    XL:     2   Next: 41%
Magic:  3/3        EV:  8    Int: 11    God:    Cheibriados [*.....]
Gold:   66         SH:  0    Dex: 15    Spells: 1/1 levels left

rFire   . . .      SeeInvis .   a - +0 flail
rCold   . . .      Faith    .   (no shield)
rNeg    . . .      Spirit   .   (no body armour)
rPois   .          Reflect  .   (no helmet)
rElec   .          Harm     .   (no cloak)
rCorr   .          Rampage  .   (no gloves)
Will    .....                   (no boots)
Stlth   +.........              (no amulet)
HPRegen 0.08/turn               (no ring)
MPRegen 0.08/turn               (no ring)

@: hasted, glowing, constricted, quick
A: sense surroundings 1, otherworldly, glowing, explore regen
a: Renounce Religion, Bend Time


You were on level 1 of the Dungeon.
You worshipped Cheibriados.
Cheibriados was aware of your devotion.
You visited 1 branch of the dungeon, and saw 1 of its levels.

You collected 66 gold pieces.

Inventory:

Hand Weapons
 a - a +0 flail (weapon)
Armour
 c - a +0 pair of gloves
 f - a +0 buckler
Scrolls
 h - 4 scrolls of fog
Potions
 b - 3 potions of haste
 d - 2 potions of curing {unknown}
 e - a potion of brilliance {unknown}
 g - a potion of attraction {unknown}
 i - a potion of lignification {unknown}


   Skills:
 - Level 3.2 Fighting
 + Level 3.8 Maces & Flails
 - Level 3.6 Armour
 - Level 3.6 Shields


You had one spell level left.
You didn't know any spells.
Your spell library contained the following spells:

 Spells                   Type           Power      Damage    Failure   Level
 Summon Small Mammal      Summ           0%         N/A       34%         1
 Call Canine Familiar     Summ           0%         N/A       71%         3
 Summon Guardian Golem    Hex/Summ       0%         N/A       71%         3


Dungeon Overview and Level Annotations

Branches:
Dungeon (1/15) Zot: 493

Altars:
Cheibriados


Innate Abilities, Weirdness & Mutations

You passively map a small area around you.
You are easily found by Zot.
You glow in the dark.
You regain HP and MP as you explore.


Message History

The quokka barely misses you. The quokka bites you.
You sock the quokka!
You kill the quokka!
Cheibriados appreciates the change of pace.
A ball python and a bat come into view.
The ball python hisses angrily.
A rat comes into view.
The bat closely misses you. The bat misses you.
The bat hits you. x2; The ball python bites you.
The ball python misses you. The bat barely misses you.
The bat closely misses you. The ball python bites you.
The ball python closely misses you. The bat misses you.
The ball python closely misses you. The ball python grabs you.
The ball python constricts you.
You escape the ball python's grasp.
The bat attacks as you move away!
The bat barely misses you. x2; The bat closely misses you.
The rat completely misses you. The ball python bites you.
The ball python grabs you. The ball python constricts you. The rat bites you.
You escape the ball python's grasp.
The bat hits you. x2
The rat barely misses you.
You are too injured to fight recklessly!
You are too injured to fight recklessly!
You are too injured to fight recklessly!
You closely miss the ball python. The ball python bites you.
The ball python grabs you. The ball python constricts you.
The bat barely misses you. The rat barely misses you.
The ball python bites you. The ball python constricts you.
You closely miss the ball python. The bat completely misses you.
The rat bites you.
* * * LOW HITPOINT WARNING * * *
The ball python bites you.
* * * LOW HITPOINT WARNING * * *
The ball python constricts you.
* * * LOW HITPOINT WARNING * * *
The bat hits you.
* * * LOW HITPOINT WARNING * * *
Unknown command.
It was a potion of haste.
You feel yourself speed up.
Cheibriados forgives your accidental hurry, just this once.
The bat hits you.
You die...

* #..............#######. ,
#.#####....#.........#.####
* * # ####.....###....>....
, ,, ,* #..#.## #.##.##.
#....# #....... #...##
###.... ,, ##...## ##...
#bSr..# #.#. #.@...# #)#.
#.....# #.#. , #.....# #.#.
**#.....# ######.#. #.....#
#......## , ,, .......
...####..# , ..######
######..≈ ,... * ,......>.≈
######..≈


You could see a bat, a ball python and a rat.

Vanquished Creatures
  An endoplasm (D:1)
  2 hobgoblins (D:1)
  A kobold (D:1)
  A quokka (D:1)
  2 bats (D:1)
  A frilled lizard (D:1)
  A goblin (D:1)
9 creatures vanquished.

Notes
Turn   | Place    | Note
-------+----------+-------------------------------------------
     0 | D:1      | 27heaven the Meteoran Fighter began the quest for the Orb.
     0 | D:1      | Reached XP level 1. HP: 19/19 MP: 2/2
   143 | D:1      | Reached XP level 2. HP: 17/26 MP: 3/3
   210 | D:1      | Found a faded altar of an unknown god.
   219 | D:1      | Prayed at the altar of an unknown god.
   219 | D:1      | Became a worshipper of Cheibriados the Contemplative
   219 | D:1      | Reached * piety under Cheibriados
   270 | D:1      | HP: 1/26 [bat (1)]
   271 | D:1      | Slain by a bat

Illustrated notes

Levels and vault maps discovered:
D:1:      dpeg_arrival_rooms_with_view, layout_rooms,
          dreamdust_ecumenical_altar_statues, serial_shops, shop,
          minmay_tree_intersection, glass_columns_a, dreamdust_princess_bridge

Skill      XL: |  1 |
---------------+----+-----
Maces & Flails | 3 |  3.8
Fighting       | |  3.2
Armour         | |  3.6
Shields        | |  3.6

Action                   || total
-------------------------++-------
Melee: Flail             ||    27
  Use: Scroll            ||     1
       Potion            ||     1
Dodge: Dodged            ||    29

Table legend: (Time is in decaauts)
 A = Elapsed time spent in this place.
 B = Non-inter-level travel time spent in this place.
 C = Inter-level travel time spent in this place.
 D = Time resting spent in this place.
 E = Time spent auto-exploring this place.
 F = Levels seen in this place.
 G = Mean time per level.
                   A        B        C        D        E       F      G
               +--------+--------+--------+--------+--------+-----+--------+
         Total |    292 |    292 |      0 |      0 |      7 |   1 |  292.0 |
       Dungeon |    292 |    292 |      0 |      0 |      7 |   1 |  292.0 |
               +--------+--------+--------+--------+--------+-----+--------+

Top non-repeatable levels by time:
     D:1: 292 daAuts
